Avalanche vs Oilers

Created - October 27 2007 at 13:52

Goals
1 2 3 OT1 SO T
Avalanche 1 0 1 0 2 3
Oilers 0 1 1 0 1 2
Shots
1 2 3 OT1 SO T
Avalanche 6 4 8 0 3 18
Oilers 7 13 7 5 3 32

Period #1

1. Avalanche , Brandon Bochenski 3 (Derek Armstrong, Wojtek Wolski) at 4:01 (PP)

Penalities :
Joffrey Lupul (COL) for Slashing (Minor) at 0:10, Jaroslav Spacek (EDM) for Interference (Minor) at 3:39, Joffrey Lupul (COL) for Holding (Minor) at 5:36, Derek Armstrong (COL) for Tripping (Minor) at 8:35, Petr Sykora (EDM) for Cross-checking (Minor) at 9:16, Derek Armstrong (COL) for Goalie Interference (Minor) at 14:12, Tyler Arnason (COL) for Hooking (Minor) at 16:22

Period #2

2. Oilers , Fernando Pisani 1 (Steve Staios, Matt Greene) at 8:13

Penalities :
Jordan Leopold (COL) for Holding (Minor) at 0:31, Gary Roberts (COL) for Interference (Minor) at 0:45, Alexei Zhitnik (EDM) for Hooking (Minor) at 5:51, Ken Klee (COL) for Cross-checking (Minor) at 10:02, Toby Petersen (EDM) for Interference (Minor) at 12:03

Period #3

3. Oilers , Radek Dvorak 2 (Shawn Horcoff, Daniel Tjarnqvist) at 2:11
4. Avalanche , Tyler Arnason 3 (Mike York, Brett Mclean) at 13:12

Penalities :
Derek Armstrong (COL) for Tripping (Minor) at 2:18, Radek Dvorak (EDM) for High sticking (Minor) at 5:03, Radek Dvorak (EDM) for Holding Stick (Minor) at 9:39, Keith Ballard (COL) for Tripping (Minor) at 13:15

Overtime #1

No Goal

Penalities :
No Penalty

Shootout

Penalty Shot by Wojtek Wolski for Avalanche - Shot Misses the Net
Penalty Shot by Daniel Alfredsson for Oilers - Stopped by Mike Smith
Penalty Shot by Gary Roberts for Avalanche - Goal!
Penalty Shot by Petr Sykora for Oilers - Goal!
Penalty Shot by Mike Modano for Avalanche - Goal!
Penalty Shot by Jarret Stoll for Oilers - Stopped by Mike Smith

Penalities :
No Penalty

Goalie Stats

Mike Smith (COL), 30 saves from 32 shots - (0.938), W, 5-3-1, 65:00 minutes
Dwayne Roloson (EDM), 16 saves from 18 shots - (0.889), OTL, 5-6-1, 65:00 minutes

Players Stats

Avalanche
Player Name              G  A  P  +/- PIM S  H  SB FO MP 
-----------------------------------------------------------
Brandon Bochenski        1  0  1   0  0   4  2  0  0  15 
Brett Lebda              0  0  0   0  0   0  1  1  0  20 
Brett Mclean             0  1  1   0  0   0  0  0  10 12 
Derek Armstrong          0  1  1  -1  6   2  2  0  20 17 
Gary Roberts             0  0  0  -1  2   1  5  0  1  23 
Joffrey Lupul            0  0  0   0  4   0  0  0  0  12 
Jordan Leopold           0  0  0   0  2   0  1  0  0  18 
Jozef Stumpel            0  0  0   0  0   2  4  1  30 21 
Keith Ballard            0  0  0  -1  2   0  0  0  0  23 
Ken Klee                 0  0  0   0  2   0  2  0  0  23 
Kevin Klein              0  0  0   0  0   3  3  0  0  23 
Kurt Sauer               0  0  0  -1  0   0  1  2  0  24 
Marek Svatos             0  0  0   0  0   2  0  0  1  9  
Martin Rucinsky          0  0  0   0  0   0  1  0  0  19 
Mike Modano              0  0  0  -1  0   2  1  0  20 24 
Mike York                0  1  1   0  0   0  0  0  0  11 
Tyler Arnason            1  0  1   0  2   1  0  0  0  10 
Wojtek Wolski            0  1  1   0  0   1  2  0  2  15 
Oilers
Player Name              G  A  P  +/- PIM S  H  SB FO MP 
-----------------------------------------------------------
Ales Hemsky              0  0  0   1  0   3  0  1  1  14 
Alexei Zhitnik           0  0  0  -1  2   1  2  4  0  26 
Daniel Alfredsson        0  0  0   0  0   7  0  0  2  23 
Daniel Tjarnqvist        0  1  1   1  0   0  0  1  0  23 
Fernando Pisani          1  0  1   1  0   4  1  0  1  14 
Jaroslav Spacek          0  0  0  -1  2   0  4  2  0  26 
Jarret Stoll             0  0  0   0  0   0  1  0  4  8  
Marty Reasoner           0  0  0   0  0   0  1  0  5  5  
Matt Greene              0  1  1   1  0   1  5  0  0  15 
Nicklas Lidstrom         0  0  0   0  0   0  1  1  0  25 
Petr Sykora              0  0  0  -1  2   3  3  0  0  20 
Radek Dvorak             1  0  1   1  4   3  0  0  0  6  
Raffi Torres             0  0  0   0  0   1  0  0  1  15 
Ryan Johnson             0  0  0   0  0   0  0  0  24 16 
Ryan Smyth               0  0  0  -1  0   7  3  0  5  26 
Shawn Horcoff            0  1  1   0  0   1  2  0  25 24 
Steve Staios             0  1  1   2  0   0  0  2  0  21 
Toby Petersen            0  0  0   2  2   1  2  0  16 21 

3 Stars

1 - Mike Smith (COL)
2 - Fernando Pisani (EDM)
3 - Matt Greene (EDM)

Power Play

Avalanche - 1 on 6 Attempt(s) - 16.67%
Oilers - 0 on 10 Attempt(s) - 0.00%

Penalty Kill

Avalanche - 10 on 10 Attempt(s) - 100.00% - Score 0 goal in Penalty Kill
Oilers - 5 on 6 Attempt(s) - 83.33% - Score 0 goal in Penalty Kill

Game Notes

No Game Note

Finance

Level 1 -- Attendance: 3328 (66.57%) -- Ticket Income $332,800.00
Level 2 -- Attendance: 3632 (85.46%) -- Ticket Income $163,440.00
Level 3 -- Attendance: 1926 (90.02%) -- Ticket Income $57,780.00
Level 4 -- Attendance: 3160 (79.01%) -- Ticket Income $63,200.00
Luxury Box -- Attendance: 875 (87.50%) -- Ticket Income $175,000.00
Game was played at the Rexall Place
Total Attendance: 12921 (78.84%)
Total Ticket Income: $849,596.10
Other Income: $157,866.60
Total Income: $1,007,463.00


Play by Play

Period #1

0:01 of 1st period - Toby Petersen wins face-off versus Jozef Stumpel in neutral zone.
0:09 of 1st period - Daniel Alfredsson is hit by Wojtek Wolski and loses puck.
0:10 of 1st period - Minor Penalty to Joffrey Lupul for Slashing.
0:11 of 1st period - Ryan Smyth wins face-off versus Mike Modano in Avalanche zone.
0:11 of 1st period - Ryan Smyth is hit by Gary Roberts.
0:43 of 1st period - Kurt Sauer is hit by Petr Sykora and loses puck.
1:09 of 1st period - Ryan Johnson is hit by Gary Roberts and loses puck.
1:24 of 1st period - Shot by Alexei Zhitnik.
1:24 of 1st period - Shot Misses the Net.
1:28 of 1st period - Shot by Daniel Alfredsson.
1:28 of 1st period - Deflect By Raffi Torres.
1:28 of 1st period - Shot Misses the Net.
1:34 of 1st period - Shot by Ryan Johnson.
1:34 of 1st period - Shot Misses the Net.
1:38 of 1st period - Shot by Alexei Zhitnik.
1:38 of 1st period - Stopped by Mike Smith without a rebound.
1:39 of 1st period - Shawn Horcoff wins face-off versus Jozef Stumpel in Avalanche zone.
2:34 of 1st period - Shot by Derek Armstrong.
2:34 of 1st period - Shot Misses the Net.
2:47 of 1st period - Icing by Steve Staios.
2:48 of 1st period - Mike Modano wins face-off versus Toby Petersen in Oilers zone.
3:02 of 1st period - Shot by Marek Svatos.
3:02 of 1st period - Stopped by Dwayne Roloson without a rebound.
3:03 of 1st period - Brett Mclean wins face-off versus Shawn Horcoff in Oilers zone.
3:06 of 1st period - Shot by Mike York.
3:06 of 1st period - Shot Blocked by Alexei Zhitnik.
3:25 of 1st period - Tyler Arnason is hit by Jaroslav Spacek and loses puck.
3:39 of 1st period - Minor Penalty to Jaroslav Spacek for Interference.
3:40 of 1st period - Derek Armstrong wins face-off versus Ryan Johnson in Oilers zone.
4:01 of 1st period - Shot by Brandon Bochenski.
4:01 of 1st period - Goal by Brandon Bochenski - Avalanche : 1 - Oilers : 0.
4:02 of 1st period - Derek Armstrong wins face-off versus Toby Petersen in neutral zone.
5:03 of 1st period - Icing by Nicklas Lidstrom.
5:04 of 1st period - Jarret Stoll wins face-off versus Wojtek Wolski in Oilers zone.
5:14 of 1st period - Jozef Stumpel is hit by Jarret Stoll and loses puck.
5:22 of 1st period - Raffi Torres is hit by Wojtek Wolski and loses puck.
5:30 of 1st period - Jarret Stoll is hit by Ken Klee and loses puck.
5:36 of 1st period - Minor Penalty to Joffrey Lupul for Holding.
5:37 of 1st period - Mike Modano wins face-off versus Shawn Horcoff in Avalanche zone.
5:37 of 1st period - Mike Modano is hit by Alexei Zhitnik.
6:21 of 1st period - Shot by Ryan Smyth.
6:21 of 1st period - Shot Misses the Net.
7:10 of 1st period - Daniel Alfredsson is hit by Kurt Sauer and loses puck.
7:32 of 1st period - Icing by Jaroslav Spacek.
7:33 of 1st period - Jozef Stumpel wins face-off versus Ryan Smyth in Oilers zone.
7:33 of 1st period - Kevin Klein is hit by Jaroslav Spacek and loses puck.
8:00 of 1st period - Shot by Fernando Pisani.
8:00 of 1st period - Stopped by Mike Smith without a rebound.
8:01 of 1st period - Marty Reasoner wins face-off versus Mike Modano in Avalanche zone.
8:18 of 1st period - Shot by Mike Modano.
8:18 of 1st period - Stopped by Dwayne Roloson without a rebound.
8:19 of 1st period - Derek Armstrong wins face-off versus Shawn Horcoff in Oilers zone.
8:24 of 1st period - Shot by Brandon Bochenski.
8:24 of 1st period - Stopped by Dwayne Roloson without a rebound.
8:25 of 1st period - Toby Petersen wins face-off versus Derek Armstrong in Oilers zone.
8:25 of 1st period - Toby Petersen is hit by Derek Armstrong.
8:35 of 1st period - Minor Penalty to Derek Armstrong for Tripping.
8:36 of 1st period - Ryan Johnson wins face-off versus Jozef Stumpel in Avalanche zone.
9:14 of 1st period - Shot by Daniel Alfredsson.
9:14 of 1st period - Stopped by Mike Smith without a rebound.
9:15 of 1st period - Jozef Stumpel wins face-off versus Shawn Horcoff in Avalanche zone.
9:15 of 1st period - Jozef Stumpel is hit by Ryan Smyth.
9:16 of 1st period - Minor Penalty to Petr Sykora for Cross-checking.
9:17 of 1st period - Jozef Stumpel wins face-off versus Shawn Horcoff in Avalanche zone.
9:22 of 1st period - Shot by Keith Ballard.
9:22 of 1st period - Shot Misses the Net.
9:34 of 1st period - Shot by Ryan Smyth.
9:34 of 1st period - Stopped by Mike Smith without a rebound.
9:35 of 1st period - Shawn Horcoff wins face-off versus Mike Modano in Avalanche zone.
9:46 of 1st period - Shot by Ryan Smyth.
9:46 of 1st period - Shot Blocked by Kurt Sauer.
9:48 of 1st period - Shot by Shawn Horcoff.
9:48 of 1st period - Shot Misses the Net.
10:16 of 1st period - Shot by Daniel Alfredsson.
10:16 of 1st period - Stopped by Mike Smith without a rebound.
10:17 of 1st period - Ryan Johnson wins face-off versus Jozef Stumpel in Avalanche zone.
10:27 of 1st period - Icing by Jozef Stumpel.
10:28 of 1st period - Jozef Stumpel wins face-off versus Ryan Johnson in Avalanche zone.
11:37 of 1st period - Shot by Fernando Pisani.
11:37 of 1st period - Deflect By Ales Hemsky.
11:37 of 1st period - Stopped by Mike Smith without a rebound.
11:38 of 1st period - Jozef Stumpel wins face-off versus Shawn Horcoff in Avalanche zone.
11:40 of 1st period - Wojtek Wolski is hit by Ryan Smyth and loses puck.
11:56 of 1st period - Alexei Zhitnik is hit by Jozef Stumpel and loses puck.
12:01 of 1st period - Shot by Ryan Smyth.
12:01 of 1st period - Stopped by Mike Smith without a rebound.
12:02 of 1st period - Derek Armstrong wins face-off versus Ales Hemsky in Avalanche zone.
12:02 of 1st period - Derek Armstrong is hit by Matt Greene.
12:32 of 1st period - Shot by Derek Armstrong.
12:32 of 1st period - Stopped by Dwayne Roloson with a rebound.
12:34 of 1st period - Shot by Keith Ballard.
12:34 of 1st period - Deflect By Brandon Bochenski.
12:34 of 1st period - Shot Misses the Net.
12:36 of 1st period - Shot by Brandon Bochenski.
12:36 of 1st period - Shot Misses the Net.
12:50 of 1st period - Shot by Mike Modano.
12:50 of 1st period - Shot Misses the Net.
12:52 of 1st period - Shot by Jordan Leopold.
12:52 of 1st period - Shot Misses the Net.
12:56 of 1st period - Shot by Mike Modano.
12:56 of 1st period - Shot Blocked by Ales Hemsky.
13:14 of 1st period - Shot by Mike Modano.
13:14 of 1st period - Shot Misses the Net.
13:28 of 1st period - Ken Klee is hit by Toby Petersen and loses puck.
14:12 of 1st period - Minor Penalty to Derek Armstrong for Goalie Interference.
14:13 of 1st period - Ryan Johnson wins face-off versus Mike Modano in Avalanche zone.
14:33 of 1st period - Icing by Ryan Johnson.
14:34 of 1st period - Jozef Stumpel wins face-off versus Ryan Johnson in Oilers zone.
15:23 of 1st period - Shot by Ryan Smyth.
15:23 of 1st period - Shot Hit the Post.
16:22 of 1st period - Minor Penalty to Tyler Arnason for Hooking.
16:23 of 1st period - Jozef Stumpel wins face-off versus Daniel Alfredsson in Oilers zone.
19:09 of 1st period - Kevin Klein is hit by Matt Greene and loses puck.
19:20 of 1st period - Shot by Tyler Arnason.
19:20 of 1st period - Shot Misses the Net.
19:22 of 1st period - Shot by Mike York.
19:22 of 1st period - Shot Misses the Net.
19:26 of 1st period - Shot by Kevin Klein.
19:26 of 1st period - Stopped by Dwayne Roloson with a rebound.

Period #2

0:01 of 2nd period - Toby Petersen wins face-off versus Jozef Stumpel in neutral zone.
0:14 of 2nd period - Shot by Daniel Alfredsson.
0:14 of 2nd period - Stopped by Mike Smith with a rebound.
0:28 of 2nd period - Shot by Raffi Torres.
0:28 of 2nd period - Stopped by Mike Smith without a rebound.
0:29 of 2nd period - Shawn Horcoff wins face-off versus Mike Modano in Avalanche zone.
0:31 of 2nd period - Minor Penalty to Jordan Leopold for Holding.
0:32 of 2nd period - Mike Modano wins face-off versus Shawn Horcoff in Avalanche zone.
0:32 of 2nd period - Mike Modano is hit by Shawn Horcoff.
0:42 of 2nd period - Shot by Shawn Horcoff.
0:42 of 2nd period - Stopped by Mike Smith with a rebound.
0:45 of 2nd period - Minor Penalty to Gary Roberts for Interference.
0:46 of 2nd period - Jozef Stumpel wins face-off versus Ryan Johnson in Avalanche zone.
0:52 of 2nd period - Icing by Ryan Johnson.
0:53 of 2nd period - Ryan Johnson wins face-off versus Jozef Stumpel in Oilers zone.
0:53 of 2nd period - Ryan Johnson is hit by Jozef Stumpel.
2:01 of 2nd period - Icing by Ryan Smyth.
2:02 of 2nd period - Ryan Smyth wins face-off versus Jozef Stumpel in Oilers zone.
2:21 of 2nd period - Shot by Jaroslav Spacek.
2:21 of 2nd period - Shot Misses the Net.
2:46 of 2nd period - Raffi Torres is hit by Brett Lebda and loses puck.
2:59 of 2nd period - Shot by Fernando Pisani.
2:59 of 2nd period - Deflect By Ales Hemsky.
2:59 of 2nd period - Stopped by Mike Smith without a rebound.
3:00 of 2nd period - Mike Modano wins face-off versus Toby Petersen in Avalanche zone.
3:06 of 2nd period - Shot by Fernando Pisani.
3:06 of 2nd period - Stopped by Mike Smith without a rebound.
3:07 of 2nd period - Toby Petersen wins face-off versus Brett Mclean in Avalanche zone.
3:08 of 2nd period - Shot by Fernando Pisani.
3:08 of 2nd period - Stopped by Mike Smith without a rebound.
3:09 of 2nd period - Derek Armstrong wins face-off versus Toby Petersen in Avalanche zone.
3:09 of 2nd period - Brandon Bochenski is hit by Toby Petersen and loses puck.
3:26 of 2nd period - Shot by Brandon Bochenski.
3:26 of 2nd period - Stopped by Dwayne Roloson without a rebound.
3:27 of 2nd period - Mike Modano wins face-off versus Shawn Horcoff in Oilers zone.
3:33 of 2nd period - Mike Modano is hit by Petr Sykora and loses puck.
4:05 of 2nd period - Shot by Petr Sykora.
4:05 of 2nd period - Stopped by Mike Smith with a rebound.
4:09 of 2nd period - Shot by Shawn Horcoff.
4:09 of 2nd period - Shot Misses the Net.
4:12 of 2nd period - Icing by Kurt Sauer.
4:13 of 2nd period - Mike Modano wins face-off versus Raffi Torres in Avalanche zone.
4:19 of 2nd period - Gary Roberts is hit by Nicklas Lidstrom and loses puck.
4:27 of 2nd period - Icing by Nicklas Lidstrom.
4:28 of 2nd period - Toby Petersen wins face-off versus Jozef Stumpel in Oilers zone.
4:53 of 2nd period - Shot by Jozef Stumpel.
4:53 of 2nd period - Stopped by Dwayne Roloson without a rebound.
4:54 of 2nd period - Derek Armstrong wins face-off versus Toby Petersen in Oilers zone.
4:57 of 2nd period - Shot by Brandon Bochenski.
4:57 of 2nd period - Shot Misses the Net.
5:20 of 2nd period - Shot by Ales Hemsky.
5:20 of 2nd period - Shot Misses the Net.
5:22 of 2nd period - Shot by Matt Greene.
5:22 of 2nd period - Stopped by Mike Smith without a rebound.
5:23 of 2nd period - Brett Mclean wins face-off versus Ryan Smyth in Avalanche zone.
5:23 of 2nd period - Mike York is hit by Petr Sykora and loses puck.
5:32 of 2nd period - Shot by Shawn Horcoff.
5:32 of 2nd period - Shot Misses the Net.
5:36 of 2nd period - Shot by Petr Sykora.
5:36 of 2nd period - Stopped by Mike Smith without a rebound.
5:37 of 2nd period - Jozef Stumpel wins face-off versus Shawn Horcoff in Avalanche zone.
5:39 of 2nd period - Wojtek Wolski is hit by Shawn Horcoff and loses puck.
5:44 of 2nd period - Shot by Ken Klee.
5:44 of 2nd period - Shot Blocked by Alexei Zhitnik.
5:46 of 2nd period - Shot by Jozef Stumpel.
5:46 of 2nd period - Shot Misses the Net.
5:48 of 2nd period - Shot by Jozef Stumpel.
5:48 of 2nd period - Shot Misses the Net.
5:50 of 2nd period - Shot by Ken Klee.
5:50 of 2nd period - Shot Misses the Net.
5:51 of 2nd period - Minor Penalty to Alexei Zhitnik for Hooking.
5:52 of 2nd period - Ryan Johnson wins face-off versus Derek Armstrong in Oilers zone.
6:06 of 2nd period - Shot by Wojtek Wolski.
6:06 of 2nd period - Stopped by Dwayne Roloson without a rebound.
6:07 of 2nd period - Jozef Stumpel wins face-off versus Ryan Johnson in Oilers zone.
6:20 of 2nd period - Shot by Mike Modano.
6:20 of 2nd period - Shot Misses the Net.
6:24 of 2nd period - Shot by Gary Roberts.
6:24 of 2nd period - Shot Misses the Net.
6:26 of 2nd period - Shot by Jozef Stumpel.
6:26 of 2nd period - Shot Misses the Net.
6:30 of 2nd period - Shot by Kevin Klein.
6:30 of 2nd period - Shot Misses the Net.
6:32 of 2nd period - Shot by Kevin Klein.
6:32 of 2nd period - Shot Misses the Net.
6:34 of 2nd period - Shot by Joffrey Lupul.
6:34 of 2nd period - Shot Blocked by Jaroslav Spacek.
6:38 of 2nd period - Shot by Gary Roberts.
6:38 of 2nd period - Stopped by Dwayne Roloson without a rebound.
6:39 of 2nd period - Ryan Johnson wins face-off versus Derek Armstrong in Oilers zone.
6:45 of 2nd period - Icing by Kurt Sauer.
6:46 of 2nd period - Ryan Johnson wins face-off versus Derek Armstrong in Avalanche zone.
6:56 of 2nd period - Icing by Derek Armstrong.
6:57 of 2nd period - Derek Armstrong wins face-off versus Jarret Stoll in Avalanche zone.
8:09 of 2nd period - Shot by Matt Greene.
8:09 of 2nd period - Shot Misses the Net.
8:13 of 2nd period - Shot by Fernando Pisani.
8:13 of 2nd period - Goal by Fernando Pisani - Avalanche : 1 - Oilers : 1.
8:14 of 2nd period - Derek Armstrong wins face-off versus Shawn Horcoff in neutral zone.
8:23 of 2nd period - Martin Rucinsky is hit by Alexei Zhitnik and loses puck.
9:05 of 2nd period - Icing by Alexei Zhitnik.
9:06 of 2nd period - Shawn Horcoff wins face-off versus Mike Modano in Oilers zone.
10:02 of 2nd period - Minor Penalty to Ken Klee for Cross-checking.
10:03 of 2nd period - Jozef Stumpel wins face-off versus Ryan Johnson in neutral zone.
12:03 of 2nd period - Minor Penalty to Toby Petersen for Interference.
12:04 of 2nd period - Derek Armstrong wins face-off versus Ryan Johnson in Avalanche zone.
14:12 of 2nd period - Ales Hemsky is hit by Kevin Klein and loses puck.
14:17 of 2nd period - Shot by Toby Petersen.
14:17 of 2nd period - Stopped by Mike Smith without a rebound.
14:18 of 2nd period - Toby Petersen wins face-off versus Gary Roberts in Avalanche zone.
14:49 of 2nd period - Icing by Steve Staios.
14:50 of 2nd period - Brett Mclean wins face-off versus Fernando Pisani in Oilers zone.
15:31 of 2nd period - Shot by Petr Sykora.
15:31 of 2nd period - Stopped by Mike Smith without a rebound.
15:32 of 2nd period - Toby Petersen wins face-off versus Derek Armstrong in Avalanche zone.
15:51 of 2nd period - Shot by Toby Petersen.
15:51 of 2nd period - Shot Misses the Net.
15:55 of 2nd period - Shot by Daniel Alfredsson.
15:55 of 2nd period - Shot Misses the Net.
15:57 of 2nd period - Shot by Daniel Alfredsson.
15:57 of 2nd period - Shot Blocked by Brett Lebda.
16:24 of 2nd period - Icing by Alexei Zhitnik.
16:25 of 2nd period - Mike Modano wins face-off versus Shawn Horcoff in Oilers zone.
16:28 of 2nd period - Shot by Gary Roberts.
16:28 of 2nd period - Shot Misses the Net.
16:31 of 2nd period - Gary Roberts is hit by Jaroslav Spacek and loses puck.
17:19 of 2nd period - Ken Klee is hit by Fernando Pisani and loses puck.
18:16 of 2nd period - Shot by Daniel Alfredsson.
18:16 of 2nd period - Stopped by Mike Smith without a rebound.
18:17 of 2nd period - Marty Reasoner wins face-off versus Derek Armstrong in Avalanche zone.
19:00 of 2nd period - Radek Dvorak is hit by Brandon Bochenski and loses puck.
19:24 of 2nd period - Ales Hemsky is hit by Mike Modano and loses puck.
19:39 of 2nd period - Matt Greene is hit by Gary Roberts and loses puck.

Period #3

0:01 of 3rd period - Toby Petersen wins face-off versus Derek Armstrong in neutral zone.
0:14 of 3rd period - Shot by Brandon Bochenski.
0:14 of 3rd period - Stopped by Dwayne Roloson without a rebound.
0:15 of 3rd period - Brett Mclean wins face-off versus Toby Petersen in Oilers zone.
0:37 of 3rd period - Icing by Daniel Tjarnqvist.
0:38 of 3rd period - Toby Petersen wins face-off versus Jozef Stumpel in Oilers zone.
0:43 of 3rd period - Shot by Kevin Klein.
0:43 of 3rd period - Stopped by Dwayne Roloson with a rebound.
0:55 of 3rd period - Shot by Kevin Klein.
0:55 of 3rd period - Stopped by Dwayne Roloson with a rebound.
2:07 of 3rd period - Shot by Radek Dvorak.
2:07 of 3rd period - Stopped by Mike Smith with a rebound.
2:09 of 3rd period - Shot by Shawn Horcoff.
2:09 of 3rd period - Shot Misses the Net.
2:11 of 3rd period - Shot by Radek Dvorak.
2:11 of 3rd period - Goal by Radek Dvorak - Avalanche : 1 - Oilers : 2.
2:12 of 3rd period - Shawn Horcoff wins face-off versus Derek Armstrong in neutral zone.
2:18 of 3rd period - Minor Penalty to Derek Armstrong for Tripping.
2:19 of 3rd period - Jozef Stumpel wins face-off versus Shawn Horcoff in Avalanche zone.
3:01 of 3rd period - Icing by Shawn Horcoff.
3:02 of 3rd period - Jozef Stumpel wins face-off versus Shawn Horcoff in Oilers zone.
3:11 of 3rd period - Shot by Jozef Stumpel.
3:11 of 3rd period - Stopped by Dwayne Roloson without a rebound.
3:12 of 3rd period - Jozef Stumpel wins face-off versus Ryan Johnson in Oilers zone.
3:45 of 3rd period - Icing by Daniel Alfredsson.
3:46 of 3rd period - Mike Modano wins face-off versus Daniel Alfredsson in Oilers zone.
3:49 of 3rd period - Shot by Mike Modano.
3:49 of 3rd period - Shot Blocked by Steve Staios.
5:03 of 3rd period - Minor Penalty to Radek Dvorak for High sticking.
5:04 of 3rd period - Ryan Johnson wins face-off versus Jozef Stumpel in neutral zone.
5:14 of 3rd period - Off-side.
5:15 of 3rd period - Ryan Johnson wins face-off versus Jozef Stumpel in neutral zone.
6:15 of 3rd period - Shot by Derek Armstrong.
6:15 of 3rd period - Shot Misses the Net.
6:21 of 3rd period - Shot by Brandon Bochenski.
6:21 of 3rd period - Shot Blocked by Alexei Zhitnik.
6:25 of 3rd period - Shot by Wojtek Wolski.
6:25 of 3rd period - Shot Misses the Net.
6:31 of 3rd period - Shot by Brandon Bochenski.
6:31 of 3rd period - Shot Blocked by Daniel Tjarnqvist.
7:05 of 3rd period - Joffrey Lupul is hit by Matt Greene and loses puck.
8:07 of 3rd period - Petr Sykora is hit by Ken Klee and loses puck.
9:11 of 3rd period - Shot by Marek Svatos.
9:11 of 3rd period - Stopped by Dwayne Roloson with a rebound.
9:14 of 3rd period - Icing by Nicklas Lidstrom.
9:15 of 3rd period - Derek Armstrong wins face-off versus Marty Reasoner in Oilers zone.
9:35 of 3rd period - Derek Armstrong is hit by Marty Reasoner and loses puck.
9:39 of 3rd period - Minor Penalty to Radek Dvorak for Holding Stick.
9:40 of 3rd period - Jozef Stumpel wins face-off versus Ryan Johnson in Oilers zone.
9:45 of 3rd period - Shot by Kevin Klein.
9:45 of 3rd period - Shot Blocked by Steve Staios.
9:47 of 3rd period - Shot by Mike Modano.
9:47 of 3rd period - Shot Misses the Net.
9:55 of 3rd period - Shot by Jozef Stumpel.
9:55 of 3rd period - Shot Blocked by Jaroslav Spacek.
9:57 of 3rd period - Shot by Mike Modano.
9:57 of 3rd period - Stopped by Dwayne Roloson without a rebound.
9:58 of 3rd period - Ryan Johnson wins face-off versus Derek Armstrong in Oilers zone.
9:58 of 3rd period - Nicklas Lidstrom is hit by Derek Armstrong and loses puck.
11:11 of 3rd period - Shot by Gary Roberts.
11:11 of 3rd period - Shot Misses the Net.
11:21 of 3rd period - Mike Modano is hit by Ryan Smyth and loses puck.
11:28 of 3rd period - Shot by Ryan Smyth.
11:28 of 3rd period - Stopped by Mike Smith without a rebound.
11:29 of 3rd period - Jarret Stoll wins face-off versus Wojtek Wolski in Avalanche zone.
11:29 of 3rd period - Jarret Stoll is hit by Brandon Bochenski.
11:54 of 3rd period - Shot by Fernando Pisani.
11:54 of 3rd period - Shot Misses the Net.
11:58 of 3rd period - Shot by Ales Hemsky.
11:58 of 3rd period - Stopped by Mike Smith without a rebound.
11:59 of 3rd period - Mike Modano wins face-off versus Marty Reasoner in Avalanche zone.
12:26 of 3rd period - Shot by Radek Dvorak.
12:26 of 3rd period - Stopped by Mike Smith without a rebound.
12:27 of 3rd period - Shawn Horcoff wins face-off versus Brett Mclean in Avalanche zone.
12:28 of 3rd period - Shot by Ryan Smyth.
12:28 of 3rd period - Stopped by Mike Smith without a rebound.
12:29 of 3rd period - Brett Mclean wins face-off versus Shawn Horcoff in Avalanche zone.
12:31 of 3rd period - Icing by Tyler Arnason.
12:32 of 3rd period - Brett Mclean wins face-off versus Shawn Horcoff in Avalanche zone.
13:08 of 3rd period - Shot by Brett Mclean.
13:08 of 3rd period - Shot Misses the Net.
13:12 of 3rd period - Shot by Tyler Arnason.
13:12 of 3rd period - Goal by Tyler Arnason - Avalanche : 2 - Oilers : 2.
13:13 of 3rd period - Toby Petersen wins face-off versus Derek Armstrong in neutral zone.
13:15 of 3rd period - Minor Penalty to Keith Ballard for Tripping.
13:16 of 3rd period - Ryan Johnson wins face-off versus Jozef Stumpel in Avalanche zone.
13:16 of 3rd period - Ryan Johnson is hit by Jozef Stumpel.
13:23 of 3rd period - Ryan Johnson is hit by Kevin Klein and loses puck.
13:40 of 3rd period - Raffi Torres is hit by Gary Roberts and loses puck.
14:25 of 3rd period - Shot by Shawn Horcoff.
14:25 of 3rd period - Shot Blocked by Kurt Sauer.
14:44 of 3rd period - Daniel Alfredsson is hit by Kevin Klein and loses puck.
14:53 of 3rd period - Shot by Daniel Alfredsson.
14:53 of 3rd period - Stopped by Mike Smith without a rebound.
14:54 of 3rd period - Mike Modano wins face-off versus Shawn Horcoff in Avalanche zone.
15:00 of 3rd period - Icing by Daniel Tjarnqvist.
15:01 of 3rd period - Mike Modano wins face-off versus Shawn Horcoff in Oilers zone.
15:30 of 3rd period - Shot by Derek Armstrong.
15:30 of 3rd period - Stopped by Dwayne Roloson without a rebound.
15:31 of 3rd period - Marty Reasoner wins face-off versus Marek Svatos in Oilers zone.
16:12 of 3rd period - Shawn Horcoff is hit by Gary Roberts and loses puck.
16:20 of 3rd period - Icing by Alexei Zhitnik.
16:21 of 3rd period - Shawn Horcoff wins face-off versus Brett Mclean in Oilers zone.
17:11 of 3rd period - Brett Lebda is hit by Matt Greene and loses puck.
17:30 of 3rd period - Brandon Bochenski is hit by Matt Greene and loses puck.
18:21 of 3rd period - Alexei Zhitnik is hit by Jozef Stumpel and loses puck.
18:49 of 3rd period - Shot by Marek Svatos.
18:49 of 3rd period - Shot Misses the Net.
18:52 of 3rd period - Icing by Ryan Smyth.
18:53 of 3rd period - Brett Mclean wins face-off versus Shawn Horcoff in Oilers zone.
19:30 of 3rd period - Shot by Tyler Arnason.
19:30 of 3rd period - Shot Misses the Net.
19:32 of 3rd period - Shot by Mike York.
19:32 of 3rd period - Deflect By Brett Mclean.
19:32 of 3rd period - Shot Misses the Net.

Overtime #1

0:01 of 1st overtime period - Mike Modano wins face-off versus Ryan Johnson in neutral zone.
0:22 of 1st overtime period - Shot by Daniel Alfredsson.
0:22 of 1st overtime period - Stopped by Mike Smith without a rebound.
0:23 of 1st overtime period - Jozef Stumpel wins face-off versus Ryan Smyth in Avalanche zone.
0:28 of 1st overtime period - Shawn Horcoff is hit by Jordan Leopold and loses puck.
0:37 of 1st overtime period - Shot by Ryan Smyth.
0:37 of 1st overtime period - Stopped by Mike Smith with a rebound.
0:39 of 1st overtime period - Shot by Ryan Smyth.
0:39 of 1st overtime period - Shot Blocked by Jozef Stumpel.
0:41 of 1st overtime period - Shot by Ryan Smyth.
0:41 of 1st overtime period - Stopped by Mike Smith with a rebound.
0:45 of 1st overtime period - Shot by Ryan Smyth.
0:45 of 1st overtime period - Stopped by Mike Smith without a rebound.
0:46 of 1st overtime period - Mike Modano wins face-off versus Ryan Johnson in Avalanche zone.
1:00 of 1st overtime period - Icing by Nicklas Lidstrom.
1:01 of 1st overtime period - Jozef Stumpel wins face-off versus Ryan Johnson in Oilers zone.
1:19 of 1st overtime period - Icing by Alexei Zhitnik.
1:20 of 1st overtime period - Ryan Johnson wins face-off versus Mike Modano in Oilers zone.
1:42 of 1st overtime period - Shot by Gary Roberts.
1:42 of 1st overtime period - Shot Blocked by Nicklas Lidstrom.
1:44 of 1st overtime period - Shot by Gary Roberts.
1:44 of 1st overtime period - Shot Blocked by Alexei Zhitnik.
1:46 of 1st overtime period - Shot by Mike Modano.
1:46 of 1st overtime period - Shot Misses the Net.
1:48 of 1st overtime period - Shot by Mike Modano.
1:48 of 1st overtime period - Shot Misses the Net.
2:28 of 1st overtime period - Shot by Shawn Horcoff.
2:28 of 1st overtime period - Shot Misses the Net.
3:27 of 1st overtime period - Shot by Daniel Alfredsson.
3:27 of 1st overtime period - Stopped by Mike Smith without a rebound.
3:28 of 1st overtime period - Jozef Stumpel wins face-off versus Jarret Stoll in Avalanche zone.
3:58 of 1st overtime period - Nicklas Lidstrom is hit by Martin Rucinsky and loses puck.
4:34 of 1st overtime period - Joffrey Lupul is hit by Jaroslav Spacek and loses puck.

ShootOut

ShootOut - Penalty Shot by Wojtek Wolski for Avalanche.
ShootOut - Shot Misses the Net.
ShootOut - Penalty Shot by Daniel Alfredsson for Oilers.
ShootOut - Stopped by Mike Smith.
ShootOut - Penalty Shot by Gary Roberts for Avalanche.
ShootOut - Goal by Gary Roberts.
ShootOut - Penalty Shot by Petr Sykora for Oilers.
ShootOut - Goal by Petr Sykora.
ShootOut - Penalty Shot by Mike Modano for Avalanche.
ShootOut - Goal by Mike Modano.
ShootOut - Penalty Shot by Jarret Stoll for Oilers.
ShootOut - Stopped by Mike Smith.


Output by the SimonT Hockey Simulator (STHS) for Stephane Roy -- Original Page W3C XHTML 1.0 Valid